 Dungeon Crawl Stone Soup version 0.19.5 (webtiles) character file.

7555 Azzok the Fighter (level 10, -4/153 HPs)
             Began as a Centaur Berserker on June 13, 2017.
             Was a High Priest of Trog.
             Splashed by a brown ugly thing's acid (5 damage)
             ... on level 10 of the Dungeon.
             The game lasted 00:19:54 (12206 turns).

Azzok the Fighter (Centaur Berserker)              Turns: 12206, Time: 00:19:55

Health: -4/153     AC:  4    Str: 28    XL:     10   Next: 96%
Magic:  10/10      EV:  4    Int:  6    God:    Trog [*****.]
Gold:   473        SH:  0    Dex:  9    Spells: 0 memorised, 9 levels left

rFire  . . .     SeeInvis .     B - +7 war axe
rCold  . . .     Gourm    .     I - +0 chain mail
rNeg   . . .     Faith    .     (no shield)
rPois  .         Spirit   .     (no helmet)
rElec  .         Reflect  .     (no cloak)
rCorr  +         Harm     .     y - +0 pair of gloves
MR     .....                    F - +0 centaur barding
Stlth  ..........               (no amulet)
                                (no ring)
                                p - ring of resist corrosion

@: berserking, lethally poisoned (-4 -> -65), corroded, slowed, very quick
A: hooves 3, deformed body, speed 2, tough skin 3
a: Berserk, Trog's Hand, Brothers in Arms, Burn Spellbooks, Renounce Religion


You were on level 10 of the Dungeon.
You worshipped Trog.
Trog was extremely pleased with you.
You were very hungry.

You visited 1 branch of the dungeon, and saw 10 of its levels.

You collected 473 gold pieces.

Inventory:

Hand Weapons
 B - a +7 war axe (weapon)
 K - a +3 dire flail of holy wrath
 S - a cursed -2 shortbow
 T - a +0 short sword of venom
Missiles
 L - 136 arrows
Armour
 y - a +0 pair of gloves (worn)
 F - a +0 centaur barding (worn)
 I - a +0 chain mail (worn)
Jewellery
 p - a ring of resist corrosion (left hand)
Wands
 D - a wand of lightning (5/15)
 E - a wand of paralysis (14/24)
 G - a wand of iceblast (11/15)
 N - a wand of acid (7/15)
Scrolls
 b - 2 scrolls of enchant weapon {unknown}
 d - 5 scrolls of noise {unknown}
 e - 3 scrolls of immolation {unknown}
 j - 6 scrolls of remove curse {unknown}
 k - 4 scrolls of teleportation {unknown}
 l - 2 scrolls of identify {unknown}
 m - 2 scrolls of fear {unknown}
 n - 2 scrolls of magic mapping {unknown}
 r - 4 scrolls of amnesia {unknown}
 w - 4 scrolls of blinking {unknown}
 O - 2 scrolls of recharging {unknown}
 R - a scroll of random uselessness {unknown}
Potions
 a - 2 potions of cure mutation {unknown}
 g - 3 potions of curing {unknown}
 h - a potion of invisibility {unknown}
 i - a potion of degeneration {unknown}
 o - 2 potions of lignification {unknown}
 q - a potion of berserk rage {unknown}
 t - 3 potions of haste {unknown}
 v - a potion of mutation {unknown}
 x - 3 potions of agility {unknown}
 z - 2 potions of heal wounds {unknown}
 C - 2 potions of might {unknown}
 J - a potion of ambrosia {unknown}
 M - a potion of resistance {unknown}
 Q - a potion of brilliance {unknown}
Books
 H - a book of Cantrips

   Spells                             Type                      Level
   a - Confusing Touch                Hexes                        1
   b - Animate Skeleton               Necromancy                   1
   c - Summon Small Mammal            Summoning                    1
   d - Apportation                    Translocation                1
   Trog disapproves of the use of such an item.
 P - a book of Conjurations

   Spells                             Type                      Level
   a - Magic Dart                     Conjuration                  1
   b - Searing Ray                    Conjuration                  2
   c - Dazzling Spray                 Conjuration/Hexes            3
   d - Fulminant Prism                Conjuration/Hexes            4
   e - Iskenderun's Mystic Blast      Conjuration                  4
   f - Iskenderun's Battlesphere      Conjuration/Charms           5
   Trog disapproves of the use of such an item.
Comestibles
 c - 5 bread rations {@e1}
 f - 3 beef jerkies
 s - 5 fruits
 u - 11 slices of pizza
 A - 2 meat rations {@e2}


   Skills:
 + Level 13.7 Fighting
   Level 2.6 Polearms
 + Level 12.1 Bows
 - Level 1.3 Armour
 - Level 1.3 Dodging


You had 9 spell levels left.
You didn't know any spells.

Dungeon Overview and Level Annotations

Branches:
Dungeon (10/15)            Temple (0/1) D:7
   Lair: D:8-11         Orc: D:9-12

Altars:
Ashenzari
Fedhas
Gozag
Nemelex Xobeh
Ru
The Shining One

Shops:
D:4 *   D:5 *


Innate Abilities, Weirdness & Mutations

You have hooves in place of feet.
Armour fits poorly on your strangely shaped body.
You cover ground very quickly.
You have extremely tough skin. (AC +3)


Message History

You take 19 damage, and have 33/153 hp.
Your chain mail prevents you from hitting the ogre mage.
You kick the ogre mage, but do no damage.
The ogre mage is heavily wounded.
You slash the brown ugly thing!
* * * LOW HITPOINT WARNING * * *
You feel extremely sick.
The ogre mage hits you with a spear of venom.
* * * LOW HITPOINT WARNING * * *
The brown ugly thing tail-slaps you.
* * * LOW HITPOINT WARNING * * *
You are splashed with acid!
The acid burns!
You resist.
* * * LOW HITPOINT WARNING * * *
The ogre mage hits you with a spear of venom.
* * * LOW HITPOINT WARNING * * *
You are more poisoned.
The brown ugly thing tail-slaps you!
* * * LOW HITPOINT WARNING * * *
You are splashed with acid!
The acid burns!
You resist.
You die...

▒·▒▒▒··)··· ··▒
▒▒)▒▒▒▒ ·▒▒ ▒▒·▒▒ ▒
▒··▒ ▒▒▒▒ ▒·▒·▒ ··$
▒▒▒·▒▒▒ ▒ ▒·▒ ▒
▒·····▒ ▒·▒▒·▒▒·▒▒(▒
▒·▒▒▒·▒ ·······u@OC▒
▒· ▒·▒ ·▒▒·▒▒·▒▒·▒ ▒
▒·▒ ▒▒·▒▒ ▒▒▒▒▒ ▒·▒▒▒
▒·)·▒ ▒···▒▒▒ ▒····
▒▒▒▒·▒▒▒▒▒·▒▒·▒▒·▒▒▒▒▒
▒·▒▒·▒▒·▒▒·▒▒·▒▒▒····▒
▒···))(·······▒▒·····▒
▒·▒▒·▒▒·▒▒·▒▒·▒▒▒····▒
▒·▒▒·▒▒▒▒▒·▒▒▒▒ ▒····▒


You could see a brown ugly thing, a hill giant and an ogre mage.

Vanquished Creatures
  The ghost of Azzok the Markscentaur, a journeyman CeBe of Trog (D:10)
  An orc knight (D:10)
  A hill giant (D:10)
  A troll (D:9)
  A polar bear (D:8)
  Prince Ribbit (D:5)
  A hippogriff (D:7)
  A human (D:7)
  4 yaks
  4 hogs (D:7)
  A vampire mosquito (D:10)
  Edmund (D:6)
  A black bear (D:8)
  2 sky beasts (D:9)
  5 ice beasts
  2 orc warriors
  A wolf (D:8)
  3 ogres
  2 centaurs
  3 bullfrogs
  Blork the orc (D:6)
  3 scorpions
  3 killer bees (D:8)
  2 howler monkeys
  An electric eel (D:8)
  3 crimson imps
  4 orc priests
  4 jellies (D:8)
  11 orc wizards
  4 hounds
  4 iguanas
  11 worker ants
  A killer bee zombie (D:9)
  A centaur simulacrum (D:8)
  9 adders
  6 shadow imps
  2 white imps (D:8)
  2 ufetubi (D:8)
  An ooze (D:7)
  An adder zombie (D:8)
  An adder skeleton (D:9)
  3 worms
  A dart slug (D:1)
  2 leopard geckos
  48 orcs
  5 ball pythons
  11 giant cockroaches
  11 goblins
  10 hobgoblins
  4 quokkas
  7 bats
  8 frilled lizards
  A jackal simulacrum (D:8)
  A jackal skeleton (D:5)
  6 kobolds
  A leopard gecko skeleton (D:4)
  7 rats
  2 fungi (D:9)
240 creatures vanquished.

Vanquished Creatures (others)
  An adder zombie (D:8)
  4 fungi (D:9)
  2 plants (D:9)
7 creatures vanquished.

Grand Total: 247 creatures vanquished

Notes
Turn   | Place    | Note
-------+----------+-------------------------------------------
     0 | D:1      | Azzok the Centaur Berserker began the quest for the Orb.
     0 | D:1      | Reached XP level 1. HP: 19/19 MP: 1/1
   286 | D:1      | Reached XP level 2. HP: 24/26 MP: 2/2
   657 | D:1      | Reached skill level 4 in Fighting
   941 | D:2      | Reached ** piety under Trog
   947 | D:2      | Reached XP level 3. HP: 22/33 MP: 3/3
  1968 | D:3      | Reached XP level 4. HP: 37/41 MP: 4/4
  1983 | D:3      | Reached skill level 5 in Fighting
  2059 | D:3      | Found a sacrificial altar of Ru.
  2184 | D:3      | Reached *** piety under Trog
  2352 | D:3      | Reached XP level 5. HP: 49/50 MP: 5/5
  2416 | D:3      | Reached skill level 6 in Fighting
  3143 | D:4      | Reached XP level 6. HP: 38/58 MP: 6/6
  3679 | D:4      | Reached skill level 7 in Fighting
  4086 | D:4      | Found Neyng's Needful Niceties.
  4692 | D:5      | Entered Level 5 of the Dungeon
  4692 | D:5      | Noticed Prince Ribbit
  4709 | D:5      | Killed Prince Ribbit
  4709 | D:5      | Reached skill level 8 in Fighting
  4709 | D:5      | Reached XP level 7. HP: 62/68 MP: 7/7
  5100 | D:5      | Found Gapt's Assorted Antiques.
  5794 | D:5      | Reached skill level 9 in Fighting
  5890 | D:5      | Reached **** piety under Trog
  5910 | D:6      | Found a shattered altar of Ashenzari.
  5911 | D:6      | Found a sparkling altar of Nemelex Xobeh.
  5911 | D:6      | Found a glowing golden altar of the Shining One.
  5912 | D:6      | Found an opulent altar of Gozag.
  6225 | D:6      | Noticed Edmund
  6242 | D:6      | Killed Edmund
  6401 | D:6      | HP: 3/71 [ogre/giant spiked club (12)]
  6402 | D:6      | Reached XP level 8. HP: 4/79 MP: 8/8
  6820 | D:6      | Reached skill level 10 in Fighting
  6847 | D:6      | Noticed Blork the orc
  6859 | D:6      | Killed Blork the orc
  7112 | D:7      | Found a staircase to the Ecumenical Temple.
  7169 | D:7      | Reached skill level 1 in Bows
  7694 | D:7      | Reached skill level 11 in Fighting
  7701 | D:7      | Reached skill level 5 in Bows
  7701 | D:7      | Reached XP level 9. HP: 89/89 MP: 9/9
  8102 | D:7      | Received a gift from Trog
  8829 | D:8      | Reached skill level 12 in Fighting
  8950 | D:8      | Noticed a polar bear
  8965 | D:8      | Killed a polar bear
  9717 | D:8      | Reached XP level 10. HP: 99/99 MP: 10/10
  9730 | D:8      | Reached ***** piety under Trog
 10587 | D:9      | Reached skill level 10 in Bows
 10707 | D:9      | Found a blossoming altar of Fedhas.
 11179 | D:9      | Received a gift from Trog
 11366 | D:9      | Reached skill level 13 in Fighting
 11536 | D:10     | Entered Level 10 of the Dungeon
 11536 | D:10     | Noticed Azzok's ghost (journeyman CeBe)
 11554 | D:10     | Killed Azzok's ghost
 11775 | D:10     | Noticed an orc knight
 11782 | D:10     | Noticed a hill giant
 11788 | D:10     | Killed a hill giant
 11792 | D:10     | HP: 1/151 [orc knight/uncursed dire flail (22)]
 11795 | D:10     | Killed an orc knight
 12196 | D:10     | Noticed a brown ugly thing
 12197 | D:10     | Noticed an ogre mage
 12197 | D:10     | Noticed a hill giant
 12206 | D:10     | HP: 1/153 [brown ugly thing (9)]
 12206 | D:10     | Splashed by a brown ugly thing's acid

Skill      XL: |  1  2  3  4  5  6  7  8  9 10 |
---------------+-------------------------------+-----
Fighting       | 4 5 6 8 9 11 12 13 | 13.7
Bows           | 5 9 12 | 12.1
Polearms       | |  2.6
Armour         | |  1.3
Dodging        | |  1.3

Action                   |  1- 3 |  4- 6 |  7- 9 | 10-12 || total
-------------------------+-------+-------+-------+-------++-------
Melee: Spear             |   134 |   229 |    15 |       ||   378
       Kick              |    22 |    44 |   117 |    44 ||   227
       Trident           |       |       |    56 |       ||    56
       Long sword        |       |       |    14 |       ||    14
       Dire flail        |       |       |    58 |       ||    58
       Short sword       |       |       |   264 |    57 ||   321
       War axe           |       |       |       |   126 ||   126
Invok: Berserk           |       |     4 |     6 |     4 ||    14
Evoke: Wand              |       |       |       |     1 ||     1
 Stab: Paralysed         |       |     2 |       |     4 ||     6
  Eat: Chunk             |     2 |    10 |    20 |    11 ||    43
Armor: Animal skin       |    43 |       |       |       ||    43
       Ring mail         |     3 |    63 |     4 |       ||    70
       Scale mail        |       |       |    26 |       ||    26
       Chain mail        |       |       |   259 |   136 ||   395
Dodge: Dodged            |    57 |    72 |    83 |    36 ||   248
       Rpst.: Long sword |       |       |     1 |       ||     1
